Map: Orbital Shipyard

Players

PisoMojado - Winner!

  • Race: Protoss Protoss
  • League: Platinum

Burt

  • Race: Terran Terran
  • League: Platinum

VOD

Have the link to the VOD?

Description

Time

  • Played on: Dec. 15, 2015, 11:03 p.m.
  • Length: 4:15
Show
View Real Time Build Order
Export as new Build Order

PisoMojado Protoss - Winner!

Build Orders: Oracle Opening 

Get SALT Encoding   

  12  0:01  Probe (Chrono Boost)  
  13  0:11  Probe (Chrono Boost)  
  14  0:17  Pylon  
  14  0:23  Probe (Chrono Boost)  
  15  0:36  Probe (Chrono Boost)  
  15  0:38  Gateway  
  16  0:46  Probe (Chrono Boost)  
  17  0:51  Assimilator  
  18  0:57  Probe (Chrono Boost)  
  18  1:01  Pylon  
  18  1:07  Probe (Chrono Boost)  
  19  1:18  Probe (Chrono Boost)  
  20  1:27  Cybernetics Core  
  20  1:30  Probe (Chrono Boost)  
  21  1:46  Probe (Chrono Boost)  
  22  1:48  Assimilator  
  22  1:52  Pylon  
  22  1:56  Probe (Chrono Boost)  
  23  2:07  Probe (Chrono Boost)  
  24  2:18  Stargate  
  23  2:32  Adept (Chrono Boost)  
  24  3:15  Probe  
  25  3:24  Oracle  
  25  3:27  Probe  
  29  3:46  Mothership Core (Chrono Boost)  
  31  3:53  Nexus  
  31  3:56  Assimilator  
  31  3:58  Assimilator  
  31  4:01  Pylon  
Show
View Real Time Build Order
Export as new Build Order

Burt Terran 

Build Orders: Reaper Expand 

Get SALT Encoding   

  12  0:01  SCV  
  13  0:13  SCV  
  14  0:23  Supply Depot  
  14  0:25  SCV  
  15  0:44  SCV  
  15  0:46  Barracks  
  15  0:48  Refinery  
  16  0:56  SCV  
  17  1:09  SCV  
  18  1:21  SCV  
  19  1:33  Reaper  
  19  1:34  Orbital Command  
  20  1:51  Engineering Bay  
  20  1:58  Command Center  
  20  2:01  SCV  
  21  2:13  SCV, Supply Depot  
  22  2:25  SCV  
  23  2:35  Barracks, Marine  
  23  2:37  Barracks  
  24  2:39  SCV  
  25  2:51  SCV  
  26  3:08  SCV  
  27  3:21  SCV, Orbital Command  
  27  3:25  Barracks Tech Lab x2  
  27  3:26  Barracks Reactor  
  28  3:29  Factory  
  28  3:32  Supply Depot, Refinery  
  28  3:36  SCV, Refinery  
  29  3:48  SCV  
  29  3:53  SCV  
  30  4:00  SCV  
Tags
 
Add a new tag
Caveats
  • Supply blocks, unpowered buildings, or Contaminate may cause inaccurate times.
  • Supply counts are checked every 10 seconds.